TOP OF THE 1ST |
Montgomery Biscuits batting - Pitching for Santa Fe Diablos : RHP Christian Camden
|
Pitching: RHP Christian Camden
|
|
Batting: LHB Alberto Santos
|
0-0: Called Strike 0-1: Foul Ball, location: 2F 0-2: Strikes out swinging
|
Batting: SHB Marvin López
|
0-0: Ball 1-0: Called Strike 1-1: Foul Ball, location: 2F 1-2: Ball 2-2: Ball 3-2: Base on Balls
|
Batting: SHB Terry O'Farrell
|
0-0: Grounds into double play, 3-6-3 (Groundball, 34)
|
Top of the 1st over - 0 run(s), 0 hit(s), 0 error(s), 0 left on base; Montgomery 0 - Santa Fe 0 |
BOTTOM OF THE 1ST |
Santa Fe Diablos batting - Pitching for Montgomery Biscuits : RHP Jim Baker
|
Pitching: RHP Jim Baker
|
|
Batting: LHB David Hernández
|
0-0: Called Strike 0-1: Ground out 6-3 (Groundball, 6M)
|
Batting: SHB George Adams
|
0-0: Fly out, F8 (Flyball, 78M)
|
Batting: RHB Arnold Harmon
|
0-0: Called Strike 0-1: Foul Ball, location: 2F 0-2: Foul Ball, location: 2F 0-2: Ball 1-2: Fly out, F9 (Flyball, 9LM)
|
Bottom of the 1st over - 0 run(s), 0 hit(s), 0 error(s), 0 left on base; Montgomery 0 - Santa Fe 0 |
TOP OF THE 2ND |
Montgomery Biscuits batting - Pitching for Santa Fe Diablos : RHP Christian Camden
|
Batting: LHB Curt Causton
|
0-0: SINGLE (Groundball, 6MD)
|
Batting: RHB Carlos Vásquez
|
0-0: Foul Ball, location: 2F 0-1: Ball 1-1: Foul Ball, location: 2F 1-2: Ball 2-2: 2-RUN HOME RUN (Flyball, 8LXD), Distance : 424 ft
|
Batting: RHB Juan Díaz
|
0-0: Ball 1-0: Foul Ball, location: 2F 1-1: Called Strike 1-2: Strikes out looking
|
Batting: RHB Bob McDonald
|
0-0: TRIPLE (Flyball, 7LS)
|
Batting: RHB Reinaldo Amarante
|
0-0: Called Strike 0-1: Ball 1-1: Foul Ball, location: 2F 1-2: Ball 2-2: Strikes out swinging
|
Batting: SHB Jack Estes
|
0-0: Ball 1-0: Foul Ball, location: 2F 1-1: Ball 2-1: Foul Ball, location: 2F 2-2: Ball 3-2: Foul Ball, location: 2F 3-2: Base on Balls
|
Batting: LHB Alberto Santos
|
0-0: Ball 1-0: Ball 2-0: Swinging Strike 2-1: Ball 3-1: Foul Ball, location: 2F 3-2: Foul Ball, location: 2F 3-2: Fly out, F5 (Popup, 5L)
|
Top of the 2nd over - 2 run(s), 3 hit(s), 0 error(s), 2 left on base; Montgomery 2 - Santa Fe 0 |
BOTTOM OF THE 2ND |
Santa Fe Diablos batting - Pitching for Montgomery Biscuits : RHP Jim Baker
|
Batting: RHB Lee Price
|
0-0: Reached on error, E5 (Groundball, 56)
|
Batting: LHB Don Soper
|
0-0: Ball 1-0: Ball 2-0: DOUBLE (Flyball, 8LXD) Lee Price to third
|
Batting: LHB Javier Martínez
|
0-0: Ball 1-0: Foul Ball, location: 2F 1-1: Called Strike 1-2: Foul Ball, location: 2F 1-2: Foul Ball, location: 2F 1-2: DOUBLE (Groundball, 3L) Lee Price scores Don Soper scores
|
Batting: LHB Ricardo Ruíz
|
0-0: Ball 1-0: Foul Ball, location: 2F 1-1: Ball 2-1: Foul Ball, location: 2F 2-2: 2-RUN HOME RUN (Flyball, 8LXD), Distance : 428 ft
|
Batting: RHB Tim Adkins
|
0-0: Ball 1-0: Ball 2-0: Ball 3-0: Called Strike 3-1: Swinging Strike 3-2: Strikes out swinging
|
Batting: RHB Keith Jones
|
0-0: Ball 1-0: Foul Ball, location: 2F 1-1: Foul Ball, location: 2F 1-2: Ball 2-2: Strikes out swinging
|
Batting: LHB David Hernández
|
0-0: Called Strike 0-1: Foul Ball, location: 2F 0-2: Ball 1-2: Ball 2-2: Ball 3-2: Foul Ball, location: 2F 3-2: Hit by Pitch
|
Batting: SHB George Adams
|
0-0: Ball 1-0: Ball 2-0: Swinging Strike 2-1: Fly out, F7 (Line Drive, 7D)
|
Bottom of the 2nd over - 4 run(s), 3 hit(s), 1 error(s), 1 left on base; Montgomery 2 - Santa Fe 4 |
TOP OF THE 3RD |
Montgomery Biscuits batting - Pitching for Santa Fe Diablos : RHP Christian Camden
|
Batting: SHB Marvin López
|
0-0: Ball 1-0: Foul Ball, location: 2F 1-1: SINGLE (Line Drive, 4M)
|
Batting: SHB Terry O'Farrell
|
0-0: Ball 1-0: Reached on error, E4 (Groundball, 4) Marvin López to second
|
Batting: LHB Curt Causton
|
0-0: Grounds into double play, 4-6-3 (Groundball, 4) Marvin López to third
|
Batting: RHB Carlos Vásquez
|
0-0: Called Strike 0-1: Swinging Strike 0-2: Ball 1-2: Strikes out looking
|
Top of the 3rd over - 0 run(s), 1 hit(s), 1 error(s), 1 left on base; Montgomery 2 - Santa Fe 4 |
BOTTOM OF THE 3RD |
Santa Fe Diablos batting - Pitching for Montgomery Biscuits : RHP Jim Baker
|
Batting: RHB Arnold Harmon
|
0-0: Ball 1-0: Foul Ball, location: 2F 1-1: SINGLE (Line Drive, 8RS)
|
Batting: RHB Lee Price
|
0-0: Ball 1-0: Called Strike 1-1: Swinging Strike 1-2: Strikes out swinging
|
Batting: LHB Don Soper
|
0-0: Ball 1-0: Ball 2-0: Ball 3-0: Base on Balls Arnold Harmon to second
|
Batting: LHB Javier Martínez
|
0-0: Called Strike Arnold Harmon steals 3rd base Don Soper to second 0-1: Ball 1-1: Fly out, F9 (Flyball, 9) Runner from 3rd tags up, SCORES, no throw
|
Batting: LHB Ricardo Ruíz
|
0-0: Ball 1-0: Swinging Strike 1-1: Ball 2-1: Foul Ball, location: 2F 2-2: Ball 3-2: DOUBLE (Line Drive, 8RM) Don Soper scores
|
Pitching: RHP Jorge Gonzáles
|
|
Batting: RHB Tim Adkins
|
0-0: Ball 1-0: Called Strike 1-1: Ball 2-1: DOUBLE (Line Drive, 9LM) Ricardo Ruíz scores
|
Batting: RHB Keith Jones
|
0-0: Called Strike 0-1: Ball 1-1: Ball 2-1: Ground out 4-3 (Groundball, 4)
|
Bottom of the 3rd over - 3 run(s), 3 hit(s), 0 error(s), 1 left on base; Montgomery 2 - Santa Fe 7 |
TOP OF THE 4TH |
Montgomery Biscuits batting - Pitching for Santa Fe Diablos : RHP Christian Camden
|
Batting: RHB Juan Díaz
|
0-0: Foul Ball, location: 2F 0-1: Swinging Strike 0-2: Strikes out swinging
|
Batting: RHB Bob McDonald
|
0-0: Called Strike 0-1: Swinging Strike 0-2: Ball 1-2: Ball 2-2: Ball 3-2: Foul Ball, location: 2F 3-2: Base on Balls
|
Batting: RHB Reinaldo Amarante
|
0-0: SINGLE (Flyball, 89S) Bob McDonald to second Runner from 2nd tries for 3rd, SAFE, throw made to third
|
Batting: SHB Jack Estes
|
0-0: Ball 1-0: Foul Ball, location: 2F 1-1: Called Strike 1-2: Ball 2-2: Foul Ball, location: 2F 2-2: Ball 3-2: Strikes out looking
|
Batting: LHB Alberto Santos
|
0-0: Foul Ball, location: 2F 0-1: SINGLE (Line Drive, 34D) Bob McDonald scores Reinaldo Amarante to second Runner from 2nd tries for 3rd, SAFE, throw made to third
|
Batting: SHB Marvin López
|
0-0: Called Strike 0-1: Fly out, F9 (Flyball, 9LS)
|
Top of the 4th over - 1 run(s), 2 hit(s), 0 error(s), 2 left on base; Montgomery 3 - Santa Fe 7 |
BOTTOM OF THE 4TH |
Santa Fe Diablos batting - Pitching for Montgomery Biscuits : RHP Jorge Gonzáles
|
Batting: LHB David Hernández
|
0-0: Foul Ball, location: 2F 0-1: Ball 1-1: Foul Ball, location: 2F 1-2: Ground out 6-3 (Groundball, 56)
|
Batting: SHB George Adams
|
0-0: Ball 1-0: Ball 2-0: Fly out, F7 (Line Drive, 7)
|
Batting: RHB Arnold Harmon
|
0-0: SINGLE (Line Drive, 89M)
|
Batting: RHB Lee Price
|
0-0: Ball 1-0: Foul Ball, location: 2F 1-1: Called Strike 1-2: Strikes out looking
|
Bottom of the 4th over - 0 run(s), 1 hit(s), 0 error(s), 1 left on base; Montgomery 3 - Santa Fe 7 |
TOP OF THE 5TH |
Montgomery Biscuits batting - Pitching for Santa Fe Diablos : RHP Christian Camden
|
Batting: SHB Terry O'Farrell
|
0-0: Ball 1-0: SINGLE (Line Drive, 4M)
|
Batting: LHB Curt Causton
|
0-0: Called Strike 0-1: 2-RUN HOME RUN (Flyball, 9D), Distance : 349 ft
|
Batting: RHB Carlos Vásquez
|
0-0: Ball 1-0: Reached on error, E4 (Groundball, 4)
|
Batting: RHB Juan Díaz
|
0-0: Called Strike 0-1: Foul Ball, location: 2F 0-2: Ball 1-2: Ball 2-2: Foul Ball, location: 2F 2-2: Strikes out swinging
|
Batting: RHB Bob McDonald
|
0-0: DOUBLE (Flyball, 9D) Carlos Vásquez scores
|
Pitching: RHP Josh Carson
|
|
Batting: RHB Reinaldo Amarante
|
0-0: Called Strike 0-1: Ball Wild Pitch! Bob McDonald to third 1-1: Swinging Strike 1-2: Ball 2-2: Ground out 6-3 (Groundball, 6)
|
Batting: SHB Jack Estes
|
0-0: Swinging Strike 0-1: Foul Ball, location: 2F 0-2: Ball 1-2: Strikes out swinging
|
Top of the 5th over - 3 run(s), 3 hit(s), 1 error(s), 1 left on base; Montgomery 6 - Santa Fe 7 |
BOTTOM OF THE 5TH |
Santa Fe Diablos batting - Pitching for Montgomery Biscuits : RHP Jorge Gonzáles
|
Batting: LHB Don Soper
|
0-0: Ball 1-0: Foul Ball, location: 2F 1-1: Ball 2-1: Ball 3-1: SINGLE (Line Drive, 4MD)
|
Batting: LHB Javier Martínez
|
0-0: Ball 1-0: Called Strike 1-1: Called Strike 1-2: Ball 2-2: Ball 3-2: Base on Balls Don Soper to second
|
Batting: LHB Ricardo Ruíz
|
0-0: Ball 1-0: Ball 2-0: Ball 3-0: Base on Balls Don Soper to third Javier Martínez to second
|
Batting: RHB Tim Adkins
|
0-0: Called Strike 0-1: Ball 1-1: Foul Ball, location: 2F 1-2: SINGLE (Line Drive, 6M) Don Soper scores Javier Martínez to third Ricardo Ruíz to second
|
Batting: RHB Keith Jones
|
0-0: Foul Ball, location: 2F 0-1: SINGLE (Groundball, 34D) Javier Martínez scores Ricardo Ruíz to third Tim Adkins to second Runner from 3rd tries for Home, SAFE, no throw
|
Pitching: LHP Tony García
|
|
Batting: LHB David Hernández
|
0-0: Fielders Choice at 2nd, 3-6 (Groundball, 3) Tim Adkins to third
|
Batting: SHB George Adams
|
0-0: Called Strike 0-1: Ball 1-1: Swinging Strike 1-2: Strikes out swinging
|
Batting: RHB Arnold Harmon
|
0-0: SINGLE (Groundball, 4D) Tim Adkins scores David Hernández to second Runner from 2nd tries for 3rd, OUT!
|
Bottom of the 5th over - 4 run(s), 4 hit(s), 0 error(s), 1 left on base; Montgomery 6 - Santa Fe 11 |
TOP OF THE 6TH |
Montgomery Biscuits batting - Pitching for Santa Fe Diablos : RHP Josh Carson
|
Batting: LHB Alberto Santos
|
0-0: Foul Ball, location: 2F 0-1: Ball 1-1: Swinging Strike 1-2: Fly out, F4 (Popup, 34D)
|
Batting: SHB Marvin López
|
0-0: Swinging Strike 0-1: Ball 1-1: Foul Ball, location: 2F 1-2: Ball 2-2: Ball 3-2: Base on Balls
|
Batting: SHB Terry O'Farrell
|
0-0: Ball 1-0: Ball 2-0: Called Strike 2-1: Grounds into double play, 4-6-3 (Groundball, 4)
|
Top of the 6th over - 0 run(s), 0 hit(s), 0 error(s), 0 left on base; Montgomery 6 - Santa Fe 11 |
BOTTOM OF THE 6TH |
Santa Fe Diablos batting - Pitching for Montgomery Biscuits : LHP Tony García
|
Batting: RHB Lee Price
|
0-0: Called Strike 0-1: Foul Ball, location: 2F 0-2: Ball 1-2: Foul Ball, location: 2F 1-2: Ball 2-2: Strikes out swinging
|
Batting: LHB Don Soper
|
0-0: Called Strike 0-1: Ball 1-1: Called Strike 1-2: Ball 2-2: Strikes out swinging
|
Batting: LHB Javier Martínez
|
0-0: Swinging Strike 0-1: Foul Ball, location: 2F 0-2: Strikes out looking
|
Bottom of the 6th over - 0 run(s), 0 hit(s), 0 error(s), 0 left on base; Montgomery 6 - Santa Fe 11 |
TOP OF THE 7TH |
Montgomery Biscuits batting - Pitching for Santa Fe Diablos : RHP Josh Carson
|
Batting: LHB Curt Causton
|
0-0: Called Strike 0-1: Single, Error in OF, E8, batter to second base
|
Batting: RHB Carlos Vásquez
|
0-0: Swinging Strike 0-1: DOUBLE (Line Drive, 78D) Curt Causton scores
|
Batting: RHB Juan Díaz
|
0-0: Ball 1-0: Foul Ball, location: 2F 1-1: Ball 2-1: Foul Ball, location: 2F 2-2: Strikes out swinging
|
Batting: RHB Bob McDonald
|
0-0: Swinging Strike 0-1: Swinging Strike 0-2: Strikes out swinging
|
Batting: RHB Reinaldo Amarante
|
0-0: Called Strike 0-1: Ball 1-1: Called Strike 1-2: Ball 2-2: Strikes out looking
|
Top of the 7th over - 1 run(s), 2 hit(s), 1 error(s), 1 left on base; Montgomery 7 - Santa Fe 11 |
BOTTOM OF THE 7TH |
Santa Fe Diablos batting - Pitching for Montgomery Biscuits : LHP Tony García
|
Batting: LHB Ricardo Ruíz
|
0-0: Fly out, F8 (Line Drive, 8LM)
|
Batting: RHB Tim Adkins
|
0-0: Called Strike 0-1: Ball 1-1: Foul Ball, location: 2F 1-2: Ball 2-2: Ball 3-2: Base on Balls
|
Batting: RHB Keith Jones
|
0-0: Ball 1-0: Swinging Strike 1-1: Called Strike 1-2: Strikes out looking
|
Batting: LHB David Hernández
|
0-0: Foul Ball, location: 2F 0-1: Called Strike 0-2: Strikes out swinging
|
Bottom of the 7th over - 0 run(s), 0 hit(s), 0 error(s), 1 left on base; Montgomery 7 - Santa Fe 11 |
TOP OF THE 8TH |
Montgomery Biscuits batting - Pitching for Santa Fe Diablos : RHP Josh Carson
|
Batting: SHB Jack Estes
|
0-0: Swinging Strike 0-1: Foul Ball, location: 2F 0-2: Strikes out swinging
|
Batting: LHB Alberto Santos
|
0-0: Called Strike 0-1: Swinging Strike 0-2: Ball 1-2: SINGLE (Flyball, 8RS)
|
Batting: SHB Marvin López
|
0-0: 2-RUN HOME RUN (Line Drive, 89XD), Distance : 396 ft
|
Pitching: RHP Manuel Zarate
|
|
Batting: SHB Terry O'Farrell
|
0-0: Fly out, F6 (Line Drive, 56)
|
Batting: LHB Curt Causton
|
0-0: Called Strike 0-1: Ball 1-1: Swinging Strike 1-2: Ball 2-2: Foul Ball, location: 2F 2-2: Foul Ball, location: 2F 2-2: Strikes out swinging
|
Top of the 8th over - 2 run(s), 2 hit(s), 0 error(s), 0 left on base; Montgomery 9 - Santa Fe 11 |
BOTTOM OF THE 8TH |
Santa Fe Diablos batting - Pitching for Montgomery Biscuits : LHP Tony García
|
Batting: SHB George Adams
|
0-0: Ball 1-0: Foul Ball, location: 2F 1-1: Foul Ball, location: 2F 1-2: SINGLE (Groundball, 56D)
|
Batting: RHB Arnold Harmon
|
0-0: Swinging Strike 0-1: Called Strike 0-2: Foul Ball, location: 2F 0-2: Foul Ball, location: 2F 0-2: Ball 1-2: Ball 2-2: Foul Ball, location: 2F 2-2: Foul Ball, location: 2F 2-2: DOUBLE (Line Drive, 89XD) George Adams to third
|
Batting: RHB Lee Price
|
0-0: Intentional Walk
|
Pinch Hitting: SHB Tex White
|
0-0: Swinging Strike 0-1: Ball 1-1: Fly out, F9 (Flyball, 89M) Runner from 3rd tags up, SCORES, no throw
|
Batting: LHB Javier Martínez
|
0-0: Grounds into double play, 3-6-3 (Groundball, 34)
|
Bottom of the 8th over - 1 run(s), 2 hit(s), 0 error(s), 1 left on base; Montgomery 9 - Santa Fe 12 |
TOP OF THE 9TH |
Montgomery Biscuits batting - Pitching for Santa Fe Diablos : RHP Manuel Zarate
|
Pitching: RHP Jonathan Long
|
|
Now at 3B: David Taylor
|
|
Batting: RHB Carlos Vásquez
|
0-0: Ball 1-0: Ground out 4-3 (Groundball, 4M)
|
Batting: RHB Juan Díaz
|
0-0: Foul Ball, location: 2F 0-1: Foul Ball, location: 2F 0-2: Strikes out looking
|
Batting: RHB Bob McDonald
|
0-0: Swinging Strike 0-1: Ball 1-1: Ball 2-1: Ground out 3-1 (Groundball, 34)
|
Top of the 9th over - 0 run(s), 0 hit(s), 0 error(s), 0 left on base; Montgomery 9 - Santa Fe 12 |
|